 Seeded DCSS version 0.30.1-9-gdf580d7c3d (webtiles) character file.

Game seed: 9106806156630997546 (custom seed)

182 Psyclone the Conjurer (level 5, 13/28 HPs)
             Began as a Deep Elf Conjurer on Oct 9, 2023.
             Quit the game on level 6 of the Dungeon.
             The game lasted 00:01:31 (527 turns).

Psyclone the Conjurer (Deep Elf Conjurer)            Turns: 527, Time: 00:01:31

Health: 13/28      AC:  4    Str:  4    XL:     5   Next: 34%
Magic:  9/20       EV: 12    Int: 31    God:
Gold:   98         SH:  0    Dex: 13    Spells: 7/10 levels left

rFire   . . .        (no weapon)
rCold   . . .        (no shield)
rNeg    . . .        a - +0 robe
rPois   .            (no helmet)
rElec   .            (no cloak)
rCorr   .            (no gloves)
SInv    .            (no boots)
Will    +....        (no amulet)
Stlth   +            e - ring of Reimbursement {Will+ MP+9 Str+2 Int+6 Slay+3 Stlth-}
HPRegen 0.24/turn    (no ring)
MPRegen 0.17/turn

%: random rage (3%)
@: no status effects
A: iridescent scales 1, berserk 1, weak 1
a: no special abilities


You were on level 6 of the Dungeon.
You visited 1 branch of the dungeon, and saw 7 of its levels.

You collected 98 gold pieces.

Inventory:

Armour
 a - a +0 robe (worn)
Jewellery
 e - the ring of Reimbursement (left hand) {Will+ MP+9 Str+2 Int+6 Slay+3 Stlth-}
   (You acquired it on level 6 of the Dungeon)

   [ring of intelligence]

   Str:       It affects your strength (+2).
   Int:       It affects your intelligence (+6).
   Slay:      It affects your accuracy & damage with ranged weapons and melee
   (+3).
   MP:        It affects your magic capacity (+9).
   Will:      It increases your willpower.
   Stlth:     It makes you less stealthy.
Potions
 b - a potion of magic
 c - a potion of haste {unknown}
 d - a potion of degeneration {unknown}
 f - a potion of heal wounds {unknown}
 g - a potion of flight {unknown}


   Skills:
 - Level 2.4 Dodging
 - Level 2.4 Stealth
 - Level 3.0 Spellcasting
 + Level 7.3 Conjurations


You had 7 spell levels left.
You knew the following spells:

 Your Spells              Type           Power      Damage    Failure   Level
a - Magic Dart            Conj           100%       1d8       1%          1
b - Searing Ray           Conj           100%       2d8       1%          2

Your spell library contained the following spells:

 Spells                   Type           Power      Damage    Failure   Level
 Dazzling Flash           Conj/Hex       54%        N/A       4%          3
 Fulminant Prism          Conj/Hex       13%        3d9       14%         4
 Iskenderun's Mystic Bla  Conj/Tloc      27%        2d7       14%         4


Dungeon Overview and Level Annotations

Branches:
Dungeon (7/15) Zot: 26959
 Temple: D:4-7

Altars:
Qazlal

Annotations:
D:3 Natasha


Innate Abilities, Weirdness & Mutations

You are partially covered in iridescent scales. (AC +2)
You sometimes lose your temper in combat.
You are weak. (Str -2)


Message History

The sky beast hits you. The sky beast shocks you.
You take 6 damage, and have 18/24 hp.
MASSIVE DAMAGE!!
You now have 8/19 mp.
Casting: Searing Ray (safe; 1% risk of failure)
Confirm with . or Enter, or press ? or * to list all spells.
Aiming: Searing Ray (safe; 1% risk of failure)
Press: ? - help, Shift-Dir - straight line, f/p - sky beast
Aim: a sky beast (heavily wounded, 75% to hit)
The searing ray misses the sky beast. (Press . to maintain the ray.)
The sky beast hits you. The sky beast shocks you.
You take 7 damage, and have 11/24 hp.
MASSIVE DAMAGE!!
You now have 6/19 mp.
The searing ray hits the sky beast.
The sky beast is heavily wounded.
The sky beast hits you. The sky beast shocks you.
* * * LOW HITPOINT WARNING * * *
You take 7 damage, and have 4/24 hp.
MASSIVE DAMAGE!!
The searing ray hits the sky beast!
The sky beast is almost dead.
The sky beast hits you but does no damage.
You now have 5/19 mp.
The searing ray hits the sky beast.
You kill the sky beast!
You finish channelling your searing ray.
Your Conjurations skill increases to level 7!
You have reached level 5!
You now have 4/20 mp.
Found a grey potion and a puce potion.
Found a stone.
Found an escape hatch in the ceiling.
f - a grey potion It was a potion of mutation.
You feel extremely strange.
Iridescent scales grow over part of your body.
You feel weaker.
You feel a little pissed off.
f - a puce potion
There is an escape hatch in the ceiling here.
A mysterious force pulls you upwards. The hatch slams shut behind you.
Found 20 gold pieces.
g - a ruby potion
There is a stone staircase leading up here.
Are you sure you want to abandon this character and quit the game? (Confirm with "yes".)

#........#.###.........#
#....##........##.........#
##...###........###.......##
.......$..##.....##.........
.........#.####.#.............
........######...##........?...
.......## #.....#.....#.......
....... #...........#...##.#
#..@..........####.#
...........#....#.. #..
##.....##.##....#... ... #.....
####....##.. #.# .....#. ..
##.^.## ###.


There were no monsters in sight!

Vanquished Creatures
  A sky beast (D:7)
  A bullfrog (D:6)
  2 dart slugs
  An orc (D:5)
  A bat (D:1)
  An endoplasm (D:4)
  A hobgoblin (D:4)
  3 jackals
  A kobold (D:4)
12 creatures vanquished.

Notes
Turn   | Place    | Note
-------+----------+-------------------------------------------
     0 | D:1      | Psyclone the Deep Elf Conjurer began the quest for the Orb.
     0 | D:1      | Reached XP level 1. HP: 10/10 MP: 6/6
    28 | D:2      | Found a stormy altar of Qazlal.
   142 | D:2      | Reached XP level 2. HP: 15/15 MP: 5/8
   205 | D:2      | Learned a level 2 spell: Searing Ray
   206 | D:3      | Noticed Natasha
   229 | D:4      | Reached skill level 5 in Conjurations
   311 | D:5      | Entered Level 5 of the Dungeon
   377 | D:6      | Noticed a bullfrog
   380 | D:6      | Killed a bullfrog
   381 | D:6      | Reached skill level 6 in Conjurations
   381 | D:6      | Reached XP level 3. HP: 12/19 MP: 4/9
   381 | D:6      | Reached XP level 4. HP: 15/24 MP: 4/10
   466 | D:6      | Identified a scroll of acquirement
   466 | D:6      | Acquired the ring of Reimbursement {Will+ MP+9 Str+2 Int+6
                  | Slay+3 Stlth-}
   486 | D:7      | Noticed a sky beast
   494 | D:7      | Killed a sky beast
   495 | D:7      | Reached skill level 7 in Conjurations
   495 | D:7      | Reached XP level 5. HP: 5/28 MP: 4/11
   503 | D:7      | Gained mutation: You are partially covered in iridescent
                  | scales. (AC +2) [potion of mutation]
   503 | D:7      | Gained mutation: You are weak. (Str -2) [potion of
                  | mutation]
   503 | D:7      | Gained mutation: You sometimes lose your temper in combat.
                  | [potion of mutation]
   527 | D:6      | Quit the game

Illustrated notes

Levels and vault maps discovered:
D:1:      onia_arrival_mini_spirals, layout_loops_ring, serial_shops, shop
D:2:      layout_rooms, basic_altar, reono_crystal_passage, minmay_tetromino_l2,
          uniq_robin, uniq_jessica, uniq_crazy_yiuf_cottage
D:3:      layout_loops_ring, uniq_sigmund, uniq_natasha
D:4:      layout_rooms, ebering_ghost_sewer_d, nicolae_take_the_stairs,
          grunt_ministairs_6, ebering_dispersal_statue_hall,
          minmay_ogre_servants
D:5:      nicolae_cairo_tiling_large, layout_basic, slow_altar_2,
          minmay_temple_entry_junction_2, portal_sewer_entry_b
D:6:      layout_cave_pools
D:7:      layout_basic, elyvilon_altar_3

Skill      XL: |  1  2  3  4 |
---------------+-------------+-----
Conjurations   | 6 7 |  7.3
Dodging        | |  2.4
Stealth        | |  2.4
Spellcasting   | |  3.0

Action                     |  1- 3 |  4- 6 || total
---------------------------+-------+-------++-------
   Cast: Magic Dart        |    13 |       ||    13
         Searing Ray       |     3 |     2 ||     5
    Use: Scroll            |       |     1 ||     1
         Potion            |       |     1 ||     1
 Armour: Robe              |       |     1 ||     1
  Dodge: Dodged            |    14 |       ||    14
